 Dungeon Crawl Stone Soup version bcrawl-1.40.3b (webtiles) character file.

Game seed: 13038101581622590905

685771 Notanamesir the Bludgeoner (level 15, -2/147 HPs)
             Began as an Ent Sloth Apostle on Nov 21, 2023.
             Was the Champion of Cheibriados.
             Slain by Donald
             ... wielding a +2 double sword of pain
              (31 damage)
             ... in the Orcish Mines on Nov 23, 2023.
             The game lasted 00:53:10 (16762 turns).

Notanamesir the Bludgeoner (Ent Sloth Apostle)     Turns: 16762, Time: 00:53:11

Health: -2/147     AC: 30    Str: 44    XL:     15   Next: 57%
Magic:  25/25      EV: 14    Int: 30    God:    Cheibriados [******]
Gold:   1470       SH: 18    Dex: 24    Spells: 15/16 levels left

rFire    . . .     GDR:     40% a - +4 dire flail
rCold    . . .     SeeInvis .   D - +2 medium shield
rNeg     + + +     Gourm    .   (armour unavailable)
rPois    +         Faith    .   (helmet restricted)
rElec    .         Spirit   .   d - +2 cloak
rCorr    .         Reflect  .   (gloves unavailable)
MR       +....     Clarity  +   (boots unavailable)
Stlth    +++.......             h - amulet of regeneration
HPRegen  1.09/turn              u - +3 ring of evasion
MPRegen  0.19/turn              f - +5 ring of protection

@: mighty, very slightly contaminated, invisible, very slow
A: large, slow actions, passwall, strong branches, negative energy resistance 3,
poison resistance, slow metabolism 1, torment resistance, unbreathing, AC +22
a: Passwall, Bend Time, Defer, Temporal Distortion, Step From Time, Renounce
Religion


You were in the Orcish Mines.
You worshipped Cheibriados.
Cheibriados was exalted by your worship.
You were not hungry.

You visited 3 branches of the dungeon, and saw 19 of its levels.

You collected 1739 gold pieces.
You spent 269 gold pieces at shops.

Inventory:

Hand Weapons
 a - a +4 dire flail (weapon)
 H - a +4 great mace of protection
Missiles
 k - 108 javelins
 n - 117 poisoned tomahawks (quivered)
 C - 4 throwing nets {=f}
 E - 150 large rocks
Armour
 d - a +2 cloak (worn)
 D - a +2 medium shield (worn)
Jewellery
 f - a +5 ring of protection (right hand)
 h - an amulet of regeneration (around neck)
 u - a +3 ring of evasion (left hand)
 J - an uncursed ring of resist corrosion
 L - an uncursed ring of protection from magic
Wands
 c - a wand of paralysis (10)
 o - a wand of random effects (9)
 s - a wand of flame (50)
 v - a wand of scattershot (6)
 w - a wand of disintegration (12)
 G - a wand of iceblast (13)
Scrolls
 b - 2 scrolls of remove curse
 i - 4 scrolls of identify
 l - a scroll of fog
 r - 3 scrolls of teleportation
Potions
 g - 6 potions of mutation
 j - 4 potions of curing
 m - 2 potions of flight
 p - a potion of might
 q - 2 potions of brilliance
 x - 2 potions of cancellation
 A - 3 potions of ambrosia
 K - a potion of agility
Miscellaneous
 y - a box of beasts
 F - a phantom mirror
Comestibles
 e - 6 rations {!d}


   Skills:
 - Level 6.1 Fighting
 + Level 17.7 Maces & Flails
 - Level 2.2 Throwing
 - Level 3.5 Dodging
 - Level 3.6 Stealth
 - Level 14.4 Shields
 - Level 1.2 Spellcasting
 - Level 3.3 Hexes
 - Level 14.0 Invocations
 - Level 2.5 Evocations


You had 15 spell levels left.
You knew the following spells:

 Your Spells              Type           Power        Failure   Level  Hunger
a - Slow                  Hex            ###.....     4%          1    None

Your spell library contained the following spells:

 Spells                   Type           Power        Failure   Level  Hunger
 Static Discharge         Air            #.....       21%         1    None
 Sting                    Conj/Pois      #...         21%         1    None
 Summon Small Mammal      Summ           #...         21%         1    None
 Call Imp                 Summ           #.....       30%         2    ###....
 Poisonous Vapours        Pois/Air       #.....       30%         2    ###....
 Shock                    Conj/Air       #......      30%         2    ###....
 Swiftness                Chrm/Air       #.......     30%         2    ###....
 Call Canine Familiar     Summ           #.......     52%         3    #####..
 Ignite Poison            Fire/Tmut/Pois #.......     52%         3    #####..
 Mephitic Cloud           Conj/Pois/Air  #.......     52%         3    #####..
 Lightning Bolt           Conj/Air       #.......     89%         4    ######.
 Olgreb's Toxic Radiance  Pois           #........    89%         4    ######.
 Summon Ice Beast         Ice/Summ       #.......     89%         4    ######.
 Summon Scorpions         Summ/Pois      #.......     89%         4    ######.
 Summon Lightning Spire   Summ/Air       #.......     99%         5    #######
 Venom Bolt               Conj/Pois      #.........   99%         5    #######


Dungeon Overview and Level Annotations

Branches:
Dungeon (12/12)            Temple (0/1) D:7            Lair (6/6) D:9
 Shoals (0/3) Lair:4        Snake (0/3) Lair:2        Slime (0/5) Orc
    Orc (1/1) D:11            Elf (0/3) Lair:6       Vaults (0/3) D:11
 Depths (0/5) D:12

Altars:
Hepliaklqana
Lugonu
Nemelex Xobeh
Sif Muna
Vehumet
Xom
Yredelemnul
Jiyva

Shops:
D:4 =   D:12 (

Annotations:
Lair:4 exclusion: 4 oklob plants Orc Donald


Innate Abilities, Weirdness & Mutations

You move and act slowly.
You can pass through walls and trees.
Your branches can wield two-handed weapons with a shield.
Your thick bark is tough. (AC +22)
You are too large for most types of armour.
You are immune to negative energy. (rN+++)
Your system is resistant to poisons. (rPois)
You have a slow metabolism.
You are immune to unholy pain and torment.
You can survive without breathing.


Message History

You block the orc's attack. x2
The orc warrior hits you from afar with a +0 halberd.
* * * LOW HITPOINT WARNING * * *
No path to travel!
You fade into invisibility!
You block Donald's attack. The orc warrior misses you.
Donald says, "I'll never be able to carry all this gold!
I hate that."
You block Donald's attack. The orc misses you. The orc warrior misses you.
You block the orc warrior's attack.
You are very lightly contaminated with residual magic.
You feel very mighty all of a sudden. You block Donald's attack.
You block the orc's attack. x2
The orc priest hits you but does no damage.
Donald hits you with a +2 double sword of pain!!
* * * LOW HITPOINT WARNING * * *
You block the orc warrior's attack. The orc warrior misses you.
You feel better. You block the orc's attack.
The orc hits you but does no damage.
Donald hits you with a +2 double sword of pain!!
You die...

............#...
#............#
.............##
.#............## ## .
.##........#...# #.# .o
..............######..#...
.....#.......###..o.#.....
.#.#....##.#.##oo@oo......
#.#......##....o@#........
..........#...#.###.......
#......#.###.#### #.#....
###.#.#### ### ..#...
##### #.... #.. ... ..


You could see Donald, 2 orc warriors, an orc priest and 3 orcs.

Vanquished Creatures
  Rupert (Lair:6)
  Josephine (D:11)
  A yaktaur captain (D:12)
  An ice dragon (Lair:6)
  Harold (Lair:4)
  4 vault guards (D:11)
  7 hydras
  2 catoblepae (Lair:6)
  Psyche (D:8)
  A two-headed ogre (shapeshifter) (D:12)
  A two-headed ogre (D:11)
  A great orb of eyes (D:12)
  7 death yaks (D:9)
  3 centaur warriors
  An unseen horror (shapeshifter) (D:12)
  3 lindwurms
  3 cyclopes
  6 wolf spider zombies
  3 ugly things
  2 oklob plants (Orc)
  An orc sorcerer (Orc)
  A manticore (D:11)
  2 black mambas
  A will-o'-wisp (Lair:5)
  7 elephants
  5 torpor snails (Lair:6)
  A water nymph (Lair:4)
  9 cane toads
  An efreet (D:11)
  11 komodo dragons
  A yaktaur (D:12)
  An eye of draining (D:12)
  2 hellwings (D:10)
  2 rime drakes
  5 trolls
  3 tyrant leeches (Lair:6)
  7 hornets (Lair:6)
  Grinder (D:4)
  2 polar bears
  5 harpy skeletons
  6 slime creatures
  6 hippogriffs
  16 blink frogs
  2 meliai zombies
  7 dream sheep (Lair:6)
  Sigmund (D:3)
  A shadow (D:9)
  2 water elementals (Lair:4)
  3 wraiths (D:11)
  36 yaks
  8 humans (D:11)
  A basilisk (Lair:2)
  7 vampire mosquitoes (Lair:5)
  2 steam dragons
  2 hungry ghosts
  A naga (Lair:2)
  16 crocodiles
  8 porcupines
  10 water moccasins
  A hornet zombie (D:10)
  5 orc warriors
  An ice beast (D:8)
  5 sky beasts
  A black bear (D:5)
  A necrophage (D:6)
  5 phantoms
  5 ogres
  4 wolves
  14 bullfrogs
  2 kobold brigands
  A gnoll sergeant (D:8)
  18 centaurs
  A troll zombie (D:11)
  4 scorpions
  27 killer bees
  24 wights
  3 howler monkeys
  7 electric eels
  7 orc priests
  7 crimson imps
  4 hounds
  4 jellies
  15 orc wizards
  3 bullfrog skeletons
  An iguana (D:9)
  6 worker ants
  7 ogre zombies (D:11)
  A hound zombie (D:9)
  A hound skeleton (D:4)
  2 worker ant zombies (D:7)
  Robin (D:2)
  7 gnolls
  6 adders
  4 shadow imps (D:10)
  3 oozes
  3 adder skeletons
  3 worms
  2 dart slugs (D:1)
  4 leopard geckos
  37 orcs
  2 giant cockroaches (D:3)
  14 goblins
  16 hobgoblins
  8 jackals
  10 kobolds
  4 quokkas
  3 ball pythons
  17 bats
  6 frilled lizards
  3 goblin skeletons (D:11)
  4 goblin zombies (D:11)
  3 hobgoblin zombies (D:11)
  3 orc skeletons (D:11)
  10 orc zombies (D:11)
  A quokka skeleton (D:6)
  11 rats
  A fire vortex (Lair:3)
  A plant (Lair:6)
627 creatures vanquished.

Vanquished Creatures (others)
  An orc zombie (D:11)
  16 fungi
  22 plants
  2 withered plants (D:10)
41 creatures vanquished.

Grand Total: 668 creatures vanquished

Notes
Turn   | Place    | Note
-------+----------+-------------------------------------------
     0 | D:1      | Notanamesir the Ent Sloth Apostle began the quest for the
                  | Orb.
     0 | D:1      | Reached XP level 1. HP: 22/22 MP: 2/2
    62 | D:1      | Reached skill level 1 in Invocations
   120 | D:1      | Reached skill level 3 in Maces & Flails
   120 | D:1      | Reached XP level 2. HP: 30/30 MP: 3/3
   341 | D:1      | Reached XP level 3. HP: 37/37 MP: 4/4
   366 | D:1      | Reached * piety under Cheibriados
   910 | D:2      | Found a shimmering altar of Xom.
  1249 | D:2      | Noticed Robin
  1253 | D:2      | Reached ** piety under Cheibriados
  1256 | D:2      | Reached XP level 4. HP: 44/46 MP: 5/5
  1280 | D:2      | Killed Robin
  1281 | D:2      | Reached skill level 4 in Maces & Flails
  1607 | D:2      | Found a radiant altar of Vehumet.
  1894 | D:3      | Reached *** piety under Cheibriados
  2082 | D:3      | Noticed Sigmund
  2096 | D:3      | Killed Sigmund
  2097 | D:3      | Reached skill level 6 in Maces & Flails
  2097 | D:3      | Reached XP level 5. HP: 47/53 MP: 7/7
  2097 | D:3      | Reached XP level 6. HP: 54/61 MP: 8/8
  2695 | D:4      | Noticed Grinder
  2697 | D:4      | Paralysed by Grinder for 4 turns
  2717 | D:4      | Killed Grinder
  2718 | D:4      | Reached XP level 7. HP: 67/70 MP: 9/11
  2773 | D:4      | Found a corrupted altar of Lugonu.
  3163 | D:4      | Found Qavvaeje's Jewellery Emporium.
  3174 | D:4      | Bought a +3 ring of evasion for 269 gold pieces
  3339 | D:5      | Entered Level 5 of the Dungeon
  3388 | D:5      | Reached **** piety under Cheibriados
  3398 | D:5      | Found a sparkling altar of Nemelex Xobeh.
  3506 | D:5      | Reached XP level 8. HP: 68/78 MP: 13/13
  3608 | D:5      | Found a hazy altar of Hepliaklqana.
  3610 | D:5      | Found a shimmering blue altar of Sif Muna.
  3910 | D:5      | Reached skill level 5 in Shields
  4108 | D:6      | Reached skill level 7 in Maces & Flails
  4120 | D:6      | Reached ***** piety under Cheibriados
  4153 | D:6      | Reached XP level 9. HP: 60/85 MP: 15/15
  4455 | D:6      | Reached skill level 8 in Maces & Flails
  4985 | D:7      | Reached skill level 9 in Maces & Flails
  5066 | D:7      | Reached skill level 10 in Invocations
  5166 | D:7      | Found a staircase to the Ecumenical Temple.
  5290 | D:8      | Noticed a four-headed hydra
  5303 | D:8      | Killed a four-headed hydra
  5304 | D:8      | Reached XP level 10. HP: 33/93 MP: 17/17
  5369 | D:8      | Reached skill level 10 in Maces & Flails
  5432 | D:8      | Reached ****** piety under Cheibriados
  5873 | D:8      | Found a hazy altar of Hepliaklqana.
  5874 | D:8      | Noticed Psyche
  5882 | D:8      | Killed Psyche
  5883 | D:8      | Reached skill level 11 in Maces & Flails
  6287 | D:8      | Reached skill level 12 in Maces & Flails
  6408 | D:9      | Found a staircase to the Lair.
  6408 | D:9      | Noticed a death yak
  6408 | D:9      | Noticed a death yak
  6414 | D:9      | Noticed a death yak
  6415 | D:9      | Noticed a death yak
  6416 | D:9      | Noticed a death yak
  6417 | D:9      | Noticed a death yak
  6421 | D:9      | Noticed a death yak
  6425 | D:9      | Killed a death yak
  6426 | D:9      | Reached XP level 11. HP: 64/100 MP: 19/19
  6432 | D:9      | Killed a death yak
  6433 | D:9      | Reached skill level 13 in Maces & Flails
  6437 | D:9      | Killed a death yak
  6441 | D:9      | Killed a death yak
  6443 | D:9      | Killed a death yak
  6444 | D:9      | Reached skill level 14 in Maces & Flails
  6450 | D:9      | Killed a death yak
  6454 | D:9      | Killed a death yak
  7383 | D:10     | Entered Level 10 of the Dungeon
  7542 | D:10     | Reached XP level 12. HP: 56/112 MP: 22/22
  8273 | D:11     | Noticed a five-headed hydra
  8303 | D:11     | Killed a five-headed hydra
  8369 | Lair:1   | Entered Level 1 of the Lair of Beasts
  8449 | Lair:1   | Reached skill level 5 in Fighting
  8505 | Lair:1   | Noticed a five-headed hydra
  8515 | Lair:1   | Killed a five-headed hydra
  8519 | Lair:1   | Reached skill level 10 in Shields
  9143 | Lair:1   | Reached XP level 13. HP: 130/130 MP: 23/23
  9699 | Lair:2   | Found a staircase to the Snake Pit.
 10539 | Lair:3   | Reached XP level 14. HP: 140/140 MP: 24/24
 10559 | Lair:3   | Found a basalt altar of Yredelemnul.
 11002 | Lair:4   | Noticed Harold
 11016 | Lair:4   | Killed Harold
 12845 | Lair:6   | Entered Level 6 of the Lair of Beasts
 13307 | Lair:6   | Noticed Rupert
 13322 | Lair:6   | Killed Rupert
 13570 | Lair:6   | Found a staircase to the Elven Halls.
 13681 | Lair:6   | Found a runed door.
 13955 | Lair:6   | Reached XP level 15. HP: 140/147 MP: 25/25
 13991 | Lair:6   | Reached skill level 15 in Maces & Flails
 14976 | D:11     | Reached skill level 16 in Maces & Flails
 15049 | D:11     | Found a gate to the Vaults.
 15162 | D:11     | Found a staircase to the Orcish Mines.
 15521 | D:12     | Entered Level 12 of the Dungeon
 15537 | D:12     | Found Celomnoe's Antique Weapon Shoppe.
 16177 | D:12     | Reached skill level 17 in Maces & Flails
 16416 | D:12     | Found a staircase to the Depths.
 16590 | Orc      | Entered the Orcish Mines
 16590 | Orc      | Found a viscous altar of Jiyva.
 16590 | Orc      | Found a staircase to the Slime Pits.
 16590 | Orc      | Noticed Josephine
 16601 | D:11     | Killed Josephine
 16622 | Orc      | Paralysed by an orc sorcerer for 2 turns
 16744 | Orc      | Noticed Donald
 16762 | Orc      | Slain by Donald

Skill      XL: |  1  2  3  4  5  6  7  8  9 10 11 12 13 14 15 |
---------------+----------------------------------------------+-----
Invocations    | 1 2 6 7 8 10 11 14 | 14.0
Maces & Flails | 3 6 7 9 12 14 17 | 17.7
Shields        | 2 3 5 7 8 10 11 14 | 14.4
Fighting       | 6 |  6.1
Throwing       | 2 |  2.2
Dodging        | 3 |  3.5
Hexes          | 3 |  3.3
Evocations     | 2 |  2.5
Stealth        | |  3.6
Spellcasting   | |  1.2

Action                   |  1- 3 |  4- 6 |  7- 9 | 10-12 | 13-15 || total
-------------------------+-------+-------+-------+-------+-------++-------
Melee: Mace              |   127 |   145 |    48 |       |       ||   320
       Morningstar       |       |       |   142 |       |       ||   142
       Flail             |       |       |   127 |       |       ||   127
       Dire flail        |       |       |    17 |   568 |  1055 ||  1640
Throw: Javelin           |       |     7 |       |       |       ||     7
       Tomahawk          |       |       |       |       |   125 ||   125
       Large rock        |       |       |       |       |     7 ||     7
 Cast: Slow              |       |       |     2 |       |       ||     2
Invok: Step From Time    |       |       |       |       |     2 ||     2
       Defer             |       |       |       |       |     1 ||     1
Evoke: Wand              |       |       |       |       |     4 ||     4
  Use: Scroll            |     3 |     4 |    11 |     9 |    11 ||    38
       Potion            |       |       |     1 |     4 |     7 ||    12
 Stab: Sleeping          |     7 |     6 |     5 |    11 |     9 ||    38
       Distracted        |       |       |       |     2 |     1 ||     3
       Petrified         |       |       |       |       |     3 ||     3
  Eat: Chunk             |     1 |     6 |     3 |    12 |    10 ||    32
       Ration            |     1 |     1 |     3 |     5 |     8 ||    18
Armor: Skin              |   109 |   112 |   212 |   301 |   617 ||  1351
Dodge: Dodged            |    42 |    44 |   173 |   226 |   589 ||  1074
Block: Medium shield     |    90 |   106 |   258 |   528 |  1185 ||  2167
